 Dungeon Crawl Stone Soup version 0.31.0-11-ge490571c62 (webtiles) character file.

Game seed: 9654441384008705966

321 qw the Skirmisher (level 6, 0/36 HPs)
             Began as a Deep Elf Hunter on Feb 3, 2024.
             Shot with an arrow by a centaur (4 damage)
             ... on level 7 of the Dungeon.
             The game lasted 00:00:10 (2874 turns).

qw the Skirmisher (Deep Elf Hunter)                 Turns: 2874, Time: 00:00:10

Health: 0/36       AC:  6    Str: 10    XL:     6   Next: 22%
Magic:  8/8        EV: 11    Int: 14    God:
Gold:   70         SH:  0    Dex: 18    Spells: 5/5 levels left

rFire   . . .        d - +0 longbow
rCold   . . .        (shield currently unavailable)
rNeg    . . .        h - +0 ring mail
rPois   .            (no helmet)
rElec   .            m - +0 cloak
rCorr   .            (no gloves)
SInv    .            (no boots)
Will    .....        j - amulet of faith
Stlth   +            (no ring)
HPRegen 0.26/turn    (no ring)
MPRegen 0.11/turn

%: faith
@: about to teleport
A: no striking features
a: no special abilities


You were on level 7 of the Dungeon.
You visited 1 branch of the dungeon, and saw 5 of its levels.

You collected 200 gold pieces.
You spent 130 gold pieces at shops.


   Skills:
 - Level 2.4 Fighting
 + Level 9.4 Ranged Weapons
 - Level 2.4 Dodging
 - Level 1.2 Stealth


You had 5 spell levels left.
You didn't know any spells.
Your spell library was empty.

Inventory:

Hand Weapons
 d - a +0 longbow (weapon)
Armour
 g - a +0 pair of boots
 h - a +0 ring mail (worn)
 m - a +0 cloak (worn)
Jewellery
 j - an amulet of faith (around neck)
Scrolls
 a - 3 scrolls of identify
 i - a scroll of amnesia {unknown}
Potions
 b - 2 potions of enlightenment
 c - 2 potions of curing
 e - a potion of might
 k - a potion of mutation {unknown}
 l - a potion of heal wounds {unknown}

Dungeon Overview and Level Annotations

Branches:
Dungeon (7/15)
 Temple: D:4-7

Altars:
Wu Jian

Shops:
D:3 !


Message History

You now have 65 gold pieces (gained 9).
A malevolent force fills the Dungeon...
You fall into a shaft and drop 3 floors!
The shaft crumbles and collapses.
Found an escape hatch in the ceiling.
Waypoint 4 assigned to D:7.
You now have 70 gold pieces (gained 5).
A centaur comes into view.
The centaur wields a +0 shortbow.
The centaur shoots an arrow.
The arrow barely misses you.
You hear a shout!
You shoot an arrow. The arrow hits the centaur.
The centaur is lightly wounded.
The centaur shoots an arrow.
The arrow hits you.
The centaur shoots an arrow.
The arrow completely misses you.
You shoot an arrow.
The arrow hits the centaur but does no damage.
The centaur is lightly wounded.
The centaur shoots an arrow.
The arrow hits you but does no damage.
You shoot an arrow. The arrow hits the centaur.
The centaur is heavily wounded.
The centaur shoots an arrow.
The arrow hits you.
A black bear comes into view.
An orc comes into view. It is wielding a +0 flail.
You shoot an arrow. The arrow barely misses the centaur.
The black bear growls angrily.
The centaur shoots an arrow.
The arrow hits you.
You shoot an arrow. The arrow barely misses the centaur.
The centaur shoots an arrow.
The arrow hits you!
The centaur shoots an arrow.
The arrow barely misses you.
You shoot an arrow.
The arrow hits the centaur but does no damage.
The centaur is moderately wounded.
The centaur shoots an arrow.
The arrow hits you.
The centaur shoots an arrow.
The arrow hits you!
2874 ||| READING scroll of teleportation.
As you read the scroll of teleportation, it crumbles to dust.
You feel strangely unstable.
The centaur shoots an arrow.
The arrow hits you.
You die...

..##......#. #.#
........ .
#.##......# ..
###..##.....#...
..###...............
...............#....
####..............#
#...........#
<........##@..#
...#..######........
.. ##. ......... .
#. #....h.... ..
....oc....
...........
...........
......#.....


You could see a black bear, a centaur and an orc.

Vanquished Creatures
  An ogre (D:4)
  Blork the orc (D:4)
  An orc priest (D:3)
  Natasha (twice) (D:4)
  2 adders
  A ribbon worm (D:2)
  3 orcs (D:3)
  9 ball pythons
  7 bats
  8 endoplasms
  3 giant cockroaches
  5 goblins
  7 hobgoblins
  2 quokkas (D:2)
  4 frilled lizards
  4 kobolds
  2 rats
62 creatures vanquished.

Notes
Turn   | Place    | Note
-------+----------+-------------------------------------------
     0 | D:1      | qw the Deep Elf Hunter began the quest for the Orb.
     0 | D:1      | Reached XP level 1. HP: 12/12 MP: 3/3
     0 | D:1      | 0 ||| qw: Version: 0.3-a-158-g18b3111
     0 | D:1      | 0 ||| qw: Game counter: 4207
     0 | D:1      | 0 ||| qw: Melee chars always use a shield: true
     0 | D:1      | 0 ||| qw: God list: Okawaru
     0 | D:1      | 0 ||| qw: Allow faded altars: false
     0 | D:1      | 0 ||| qw: Do Orc after clearing Dungeon:15 true
     0 | D:1      | 0 ||| qw: Do second Lair branch before Depths: true
     0 | D:1      | 0 ||| qw: Lair rune preference: random
     0 | D:1      | 0 ||| qw: Goals: Normal
     0 | D:1      | 0 ||| PLANNING D:1-11
    99 | D:1      | Reached skill level 6 in Ranged Weapons
    99 | D:1      | Reached XP level 2. HP: 16/16 MP: 4/4
   532 | D:1      | 532 ||| UPGRADING to +0 ring mail.
   542 | D:1      | 542 ||| DROPPING +0 leather armour.
   543 | D:1      | 543 ||| READING scroll labelled GUOHIT OTSO.
   644 | D:1      | 644 ||| READING 2 scrolls labelled MEHIEHIO APSUL.
   647 | D:1      | 647 ||| READING scroll labelled OZEIGU FEHUTI.
   648 | D:1      | 648 ||| READING scroll labelled EREFERHISHA.
   649 | D:1      | 649 ||| DROPPING scroll of butterflies.
   759 | D:2      | Reached XP level 3. HP: 20/20 MP: 5/5
  1126 | D:2      | Reached skill level 7 in Ranged Weapons
  1298 | D:2      | Found an ornate altar of the Wu Jian Council.
  1475 | D:2      | 1475 ||| READING scroll labelled TEUTAM LAUPA.
  1614 | D:3      | Found Mehiqu's Distillery.
  1624 | D:3      | 1624 ||| SHOPLISTING 2 potions of mutation (160 gold, have
                  | 141).
  1624 | D:3      | 1624 ||| BUYING potion of curing (30 gold).
  1624 | D:3      | Bought a potion of curing for 30 gold pieces
  1624 | D:3      | 1624 ||| BUYING potion of enlightenment (50 gold).
  1624 | D:3      | Bought a potion of enlightenment for 50 gold pieces
  1624 | D:3      | 1624 ||| BUYING potion of enlightenment (50 gold).
  1624 | D:3      | Bought a potion of enlightenment for 50 gold pieces
  1624 | D:3      | 1624 ||| SHOPLISTING potion of enlightenment (50 gold, have
                  | 11).
  1624 | D:3      | 1624 ||| SHOPLISTING potion of heal wounds (50 gold, have
                  | 11).
  1900 | D:3      | 1900 ||| FLEEEEING.
  1901 | D:3      | 1901 ||| FLEEEEING.
  1902 | D:3      | 1902 ||| FLEEEEING.
  1904 | D:3      | 1904 ||| FLEEEEING.
  1905 | D:3      | 1905 ||| FLEEEEING.
  1906 | D:3      | 1906 ||| FLEEEEING.
  1907 | D:3      | 1907 ||| FLEEEEING.
  1908 | D:3      | 1908 ||| FLEEEEING.
  1909 | D:3      | 1909 ||| FLEEEEING.
  1910 | D:3      | 1910 ||| FLEEEEING.
  1911 | D:3      | 1911 ||| FLEEEEING.
  1912 | D:3      | 1912 ||| FLEEEEING.
  1913 | D:3      | 1913 ||| FLEEEEING.
  1914 | D:3      | 1914 ||| FLEEEEING.
  1915 | D:3      | 1915 ||| FLEEEEING.
  1916 | D:3      | 1916 ||| FLEEEEING.
  1917 | D:3      | 1917 ||| FLEEEEING.
  1918 | D:3      | 1918 ||| FLEEEEING.
  1922 | D:3      | Reached XP level 4. HP: 12/25 MP: 6/6
  1922 | D:3      | 1922 ||| FLEEEEING.
  2138 | D:3      | Reached skill level 8 in Ranged Weapons
  2354 | D:3      | Identified the +10 hand axe of Duty {drain, rElec Int+3
                  | Stlth+}
  2366 | D:3      | 2366 ||| UPGRADING to +0 cloak.
  2371 | D:3      | 2371 ||| UPGRADING to amulet of faith.
  2376 | D:3      | 2376 ||| READING scroll labelled PUYBRE VUATT.
  2376 | D:3      | 2376 ||| IDENTIFYING brown potion
  2377 | D:3      | 2377 ||| READING scroll labelled REKODORGHIK.
  2378 | D:3      | 2378 ||| DRINKING 2 cyan potions.
  2379 | D:3      | 2379 ||| DROPPING potion of invisibility.
  2399 | D:4      | Noticed Natasha
  2400 | D:4      | 2400 ||| SWAPPING to +0 longbow.
  2404 | D:4      | Killed Natasha
  2405 | D:4      | Reached XP level 5. HP: 29/29 MP: 7/7
  2405 | D:4      | 2405 ||| DROPPING +0 shortbow.
  2430 | D:4      | Noticed an ogre
  2434 | D:4      | Killed an ogre
  2435 | D:4      | Reached skill level 9 in Ranged Weapons
  2456 | D:4      | Noticed Blork the orc
  2466 | D:4      | HP: 6/29 [Blork the orc/+0 war axe (9)]
  2467 | D:4      | 2467 ||| READING 2 scrolls of teleportation.
  2469 | D:4      | Killed Blork the orc
  2470 | D:4      | Reached XP level 6. HP: 9/36 MP: 8/8
  2685 | D:4      | Noticed Natasha
  2686 | D:4      | Killed Natasha
  2860 | D:4      | You fall into a shaft and drop 3 floors!
  2873 | D:7      | HP: 4/36 [centaur/arrow (8)]
  2874 | D:7      | 2874 ||| READING scroll of teleportation.
  2874 | D:7      | Shot with an arrow by a centaur

Levels and vault maps discovered:
D:1:      nicolae_arrival_memento_mori, layout_rooms, serial_bayou,
          serial_bayou_shore_a, serial_bayou_crossing, serial_bayou_pond_d,
          serial_bayou_shore_b
D:2:      layout_loops_ring, serial_rivers, chequers_serial_rivers_micro_c,
          chequers_serial_rivers_marsh, chequers_serial_rivers_micro_d,
          chequers_serial_rivers_room_b, chequers_serial_rivers_micro_c,
          chequers_serial_rivers_small_3, basic_altar
D:3:      layout_basic, serial_shops, shop
D:4:      layout_loops_ring, nicolae_hepliaklqana_hippocampus, uniq_ijyb,
          uniq_natasha, uniq_blork_the_orc
D:7:      kennysheep_housing_project, layout_cave_pools

Skill      XL: |  1  2  3  4  5 |
---------------+----------------+-----
Ranged Weapons | 6 7 8 9 |  9.4
Fighting       | 2 |  2.4
Dodging        | |  2.4
Stealth        | |  1.2

Action                     |  1- 3 |  4- 6 || total
---------------------------+-------+-------++-------
   Fire: Shortbow          |   112 |    22 ||   134
         Longbow           |       |    31 ||    31
    Use: Scroll            |     5 |     4 ||     9
         Potion            |       |     1 ||     1
 Armour: Leather armour    |     2 |       ||     2
         Ring mail         |    11 |    18 ||    29
  Dodge: Dodged            |    13 |    11 ||    24

Table legend:
 A = Non-vault XP
 B = Vault XP
 C = Vault XP percentage of total XP
 D = Non-vault monster count
 E = Vault monster count
 F = Vault count percentage of total count
                 A         B        C        D         E       F
            +---------+---------+-------+---------+---------+-------
      Total |     327 |     132 |  28.8 |      60 |       2 |   3.2
            +---------+---------+-------+---------+---------+-------
        D:1 |      30 |       0 |   0.0 |      17 |       0 |   0.0
        D:2 |      45 |       0 |   0.0 |      18 |       0 |   0.0
        D:3 |      86 |       0 |   0.0 |      18 |       0 |   0.0
        D:4 |     166 |     132 |  44.3 |       7 |       2 |  22.2
            +---------+---------+-------+---------+---------+-------
